 Dungeon Crawl Stone Soup version 0.20.1-1-g8b1a95d (webtiles) character file.

3784 Jannitor the Cleaver (level 9, -7/88 HPs)
             Began as a Deep Dwarf Chaos Knight on Sept 25, 2017.
             Mangled by an orc warrior
             ... wielding a +0 trident
              (9 damage)
             ... on level 8 of the Dungeon.
             The game lasted 00:16:35 (5897 turns).

Jannitor the Cleaver (Deep Dwarf Chaos Knight)      Turns: 5897, Time: 00:16:36

Health: -7/88      AC: 17    Str: 19    XL:     9   Next: 95%
Magic:  0/0        EV:  8    Int: 11    God:    Xom [*.....]
Gold:   277        SH:  0    Dex: 12    Spells: 8/8 levels left

rFire    . . .     SeeInvis .   y - +1 war axe
rCold    . . .     Gourm    .   (no shield)
rNeg     . . .     Faith    .   A - +3 chain mail {MR+}
rPois    .         Spirit   .   (no helmet)
rElec    .         Reflect  .   (no cloak)
rCorr    .         Harm     .   g - +0 pair of gloves
MR       ++...                  G - +0 pair of boots
Stlth    ..........             (no amulet)
Regen    0.0/turn               (no ring)
MPRegen  0.1/turn               (no ring)

@: non-regenerating
A: damage resistance, heal wounds, talons 1, dopey 1, sense surroundings 2, no
regeneration
a: Heal Wounds, Renounce Religion


You were on level 8 of the Dungeon.
You worshipped Xom.
You were a special plaything of Xom.
You were hungry.

You visited 1 branch of the dungeon, and saw 8 of its levels.
You also visited: Bailey.

You collected 459 gold pieces.
You spent 182 gold pieces at shops.

Inventory:

Hand Weapons
 a - a +0 hand axe of chaos
 y - a +1 war axe (weapon)
Armour
 b - a +2 leather armour
 g - a +0 pair of gloves (worn)
 q - a +0 scale mail
 A - a +3 chain mail of magic resistance (worn)
 G - a +0 pair of boots (worn)
Jewellery
 i - an uncursed ring of fire
 B - a +4 ring of intelligence {unknown}
Wands
 x - a wand of flame (17/48)
 D - a wand of random effects (6/48)
 K - a wand of polymorph (9/24)
 M - a wand of lightning (1/15)
Scrolls
 e - 4 scrolls of enchant weapon
 h - 6 scrolls of identify
 l - 3 scrolls of remove curse
 m - a scroll of teleportation
 r - a scroll of acquirement {unknown}
 s - a scroll of amnesia
 t - a scroll of noise {unknown}
 w - a scroll of fear
Potions
 d - 9 potions of curing
 j - a potion of experience {unknown}
 k - a potion of resistance {unknown}
 n - 2 potions of haste
 o - 2 potions of lignification
 p - 3 potions of might
 u - 7 potions of mutation
 v - 3 potions of heal wounds
 C - 2 potions of ambrosia {unknown}
 E - a potion of flight {unknown}
 I - 2 potions of agility
 J - a potion of invisibility {unknown}
 L - 5 potions of magic
Books
 z - a book of Necromancy

   Spells                             Type                      Level
   a - Pain                           Necromancy                   1
   b - Animate Skeleton               Necromancy                   1
   c - Vampiric Draining              Necromancy                   3
   d - Regeneration                   Charms/Necromancy            3
   e - Animate Dead                   Necromancy                   4
   f - Control Undead                 Necromancy                   4
Comestibles
 c - 4 bread rations
 f - 4 royal jellies
 H - 9 fruits


   Skills:
 + Level 8.2 Fighting
 + Level 10.0 Axes
 + Level 8.8 Armour
 - Level 1.1 Dodging


You had 8 spell levels left.
You didn't know any spells.

Dungeon Overview and Level Annotations

Branches:
Dungeon (8/15)             Temple (0/1) D:7            Lair (0/6) D:8

Altars:
Ashenzari
Gozag
Hepliaklqana
Kikubaaqudgha
Makhleb
Nemelex Xobeh
Okawaru
Sif Muna
Trog
Uskayaw

Shops:
D:5 !


Innate Abilities, Weirdness & Mutations

You are resistant to damage.
You can heal yourself by infusing magical energy.
You passively map the area around you.
You do not regenerate.
You have sharp toenails.
You are dopey. (Int -2)


Message History

You hit the plant but do no damage.
The orc warrior hits you with a trident!
The komodo dragon closely misses you.
You barely miss the orc warrior.
The orc warrior is heavily wounded.
You barely miss the komodo dragon. You hit the fungus but do no damage.
You hit the plant.
The orc warrior hits you with a trident!
The komodo dragon bites you!!
* * * LOW HITPOINT WARNING * * *
You slash the komodo dragon!
The komodo dragon is moderately wounded.
You hit the fungus. You hit the plant but do no damage.
You barely miss the orc warrior. The orc warrior barely misses you.
The komodo dragon bites you!
* * * LOW HITPOINT WARNING * * *
Unknown command.
The orc warrior hits you from afar with a trident!
You die...
Xom chuckles heartily!

#.......### *.# ###...###
.# #...# #####>###* ##.##
###....... #.#
###.......## # #.#
##P.PP......#.# #.#
#...PPP.P.....## #.#
##....P...P..P..#
##(###....[.P@P......#
#(...(.P.P.##'#..P.P.#
#..##.รท.P..#lo#P.....#
,.....##..P...#>.#P.P..##
.###.####..PPP####.P.P.#
#.# #.PPP.P.P.P.P.P# ,
#.# #........PPPP.## #.#
#........PP, *
#.####.#......PP, *


You could see a komodo dragon and an orc warrior.

Vanquished Creatures
  A two-headed ogre (D:8)
  An orc knight (Bailey)
  A troll (D:8)
  Sigmund (D:6)
  3 porcupines (D:8)
  Duvessa (D:6)
  2 ice beasts (D:7)
  2 phantoms
  3 centaurs
  A bullfrog (D:6)
  Dowan (D:6)
  A scorpion (D:8)
  3 crimson imps
  2 bullfrog zombies (D:8)
  A jelly (D:5)
  3 orc priests
  A gnoll shaman (D:4)
  8 orc wizards
  3 worker ants
  A killer bee zombie (D:5)
  2 hound zombies
  16 gnolls
  6 adders
  2 shadow imps
  2 adder skeletons
  3 worms
  3 dart slugs
  6 leopard geckos
  23 orcs
  4 ball pythons
  10 bats
  4 giant cockroaches
  14 goblins
  19 hobgoblins
  17 jackals
  7 quokkas
  6 frilled lizards
  17 kobolds
  2 quokka skeletons (D:8)
  12 rats
215 creatures vanquished.

Vanquished Creatures (collateral kills)
  An ice beast (D:8)
  A bat (D:1)
2 creatures vanquished.

Vanquished Creatures (others)
  An orc priest (D:3)
  A centaur skeleton (D:7)
  A plant (D:8)
3 creatures vanquished.

Grand Total: 220 creatures vanquished

Notes
Turn   | Place    | Note
-------+----------+-------------------------------------------
     0 | D:1      | Jannitor the Deep Dwarf Chaos Knight began the quest for the Orb.
     0 | D:1      | Reached XP level 1. HP: 20/20 MP: 1/1
    11 | D:1      | XOM: divination: detect creatures
   179 | D:1      | Reached XP level 2. HP: 25/28 MP: 2/2
   294 | D:1      | XOM: harmless Erth miscast
   367 | D:1      | XOM: potion effect (invisibility)
   502 | D:1      | XOM: divination: detect items
   607 | D:1      | Reached XP level 3. HP: 20/34 MP: 3/3
   707 | D:1      | Reached skill level 4 in Axes
   871 | D:1      | XOM: silly message
   995 | D:1      | XOM: cloud trail
  1030 | D:1      | Paralysed by you for 6 turns
  1244 | D:2      | HP: 1/34 [hobgoblin/club (6)]
  1257 | D:2      | Found a shattered altar of Ashenzari.
  1538 | D:2      | Reached XP level 4. HP: 23/44 MP: 4/4
  1772 | D:2      | Found an iron altar of Okawaru.
  2017 | D:3      | XOM: cloud trail
  2057 | D:3      | Found an opulent altar of Gozag.
  2164 | D:3      | Reached XP level 5. HP: 26/50 MP: 5/5
  2279 | D:3      | XOM: confuse monster(s)
  2320 | D:3      | XOM: god gift: 28 gold pieces
  2429 | D:3      | Reached skill level 5 in Axes
  2702 | D:4      | XOM: god gift: emerald potion {god gift}
  2753 | D:4      | XOM: potion effect (haste)
  2799 | D:4      | Gained mutation: You are dopey. (Int -2) [potion of mutation]
  2799 | D:4      | Gained mutation: You have sharp toenails. [potion of mutation]
  2887 | D:4      | XOM: noise
  2888 | D:4      | Reached XP level 6. HP: 32/58 MP: 5/5
  3409 | D:5      | Entered Level 5 of the Dungeon
  3412 | D:5      | Found a deep blue altar of Sif Muna.
  3421 | D:5      | XOM: divination: detect creatures
  3522 | D:5      | Reached skill level 5 in Fighting
  3534 | D:5      | Reached skill level 6 in Axes
  3534 | D:5      | Reached XP level 7. HP: 36/67 MP: 6/6
  3540 | D:5      | XOM: potion effect (haste)
  3541 | D:5      | XOM: potion effect (agility)
  3606 | D:5      | Found a burning altar of Makhleb.
  3685 | D:5      | XOM: summons 3 hostile demons
  3687 | D:5      | XOM: enchant monster (good)
  3688 | D:5      | XOM: noise
  3950 | D:5      | Found Helekifuwk's Distillery.
  3953 | D:5      | Bought a potion of curing for 39 gold pieces
  3953 | D:5      | Bought a potion of lignification for 39 gold pieces
  3953 | D:5      | Bought 2 potions of agility for 104 gold pieces
  3970 | D:5      | XOM: enchant monster (bad)
  4050 | D:6      | Noticed Sigmund
  4064 | D:6      | Killed Sigmund
  4064 | D:6      | Reached skill level 5 in Armour
  4137 | D:6      | Noticed Duvessa
  4138 | D:6      | Noticed Dowan
  4144 | D:6      | Killed Duvessa
  4144 | D:6      | Reached XP level 8. HP: 55/76 MP: 6/6
  4145 | D:6      | Killed Dowan
  4145 | D:6      | Reached skill level 7 in Axes
  4320 | D:6      | Found a hazy altar of Hepliaklqana.
  4327 | D:6      | Found an ancient bone altar of Kikubaaqudgha.
  4392 | D:6      | XOM: confusion (+ monsters)
  4498 | D:7      | XOM: stealth player
  4555 | D:7      | Found a hide-covered altar of Uskayaw.
  4684 | D:7      | Found a bloodstained altar of Trog.
  4714 | D:7      | XOM: medium Chrm miscast
  4791 | D:7      | XOM: swap monsters
  4800 | D:7      | XOM: swap monsters
  4849 | D:7      | XOM is BORED!
  4849 | D:7      | XOM: mild Erth miscast
  4921 | D:7      | Found a staircase to the Ecumenical Temple.
  5120 | D:8      | Noticed a troll
  5121 | D:8      | XOM: confuse monster(s)
  5122 | D:8      | Noticed a two-headed ogre
  5139 | D:8      | Killed a two-headed ogre
  5139 | D:8      | Reached skill level 8 in Axes
  5139 | D:8      | Gained mutation: You passively map the area around you. [Deep Dwarf growth]
  5139 | D:8      | Reached XP level 9. HP: 44/86 MP: 5/5
  5142 | D:8      | Killed a troll
  5283 | D:8      | Found a sparkling altar of Nemelex Xobeh.
  5373 | D:8      | Reached skill level 9 in Axes
  5402 | D:8      | XOM: harmless Pois miscast
  5431 | D:8      | XOM: blink monster(s)
  5442 | D:8      | XOM: confuse monster(s)
  5503 | D:8      | Found a flagged portal.
  5518 | Bailey   | Entered a bailey
  5593 | Bailey   | Noticed an orc knight
  5608 | Bailey   | XOM: smoke on damage
  5669 | Bailey   | Killed an orc knight
  5879 | D:8      | Reached skill level 10 in Axes
  5883 | D:8      | Found a staircase to the Lair.
  5883 | D:8      | Noticed a komodo dragon
  5896 | D:8      | HP: 2/88 [komodo dragon (11)]
  5897 | D:8      | Mangled by an orc warrior

Skill      XL: |  1  2  3  4  5  6  7  8  9 |
---------------+----------------------------+-----
Fighting       | 3 4 5 7 8 |  8.2
Axes           | 4 5 6 8 10 | 10.0
Armour         | 3 4 5 7 8 |  8.8
Dodging        | |  1.1

Action                   |  1- 3 |  4- 6 |  7- 9 || total
-------------------------+-------+-------+-------++-------
Melee: Hand axe          |   156 |   126 |       ||   282
       War axe           |       |    91 |   333 ||   424
       Kick              |       |    21 |     6 ||    27
 Abil: Heal Wounds       |     1 |     3 |    25 ||    29
Evoke: Wand              |       |     8 |    17 ||    25
  Use: Potion            |       |     3 |     4 ||     7
       Scroll            |       |       |    12 ||    12
 Stab: Sleeping          |     1 |       |       ||     1
       Confused          |       |       |     1 ||     1
  Eat: Chunk             |     2 |     7 |     3 ||    12
       Bread ration      |       |       |     1 ||     1
Armor: Leather armour    |    69 |       |       ||    69
       Scale mail        |     7 |   117 |    66 ||   190
       Chain mail        |       |       |   164 ||   164
Dodge: Dodged            |   107 |   134 |   189 ||   430
